 Dungeon Crawl Stone Soup version 0.19.0-16-g73b5abf (webtiles) character file.

243 HungrySpirit the Charlatan (level 5, -1/41 HPs)
             Began as a Mummy Artificer on Nov 10, 2016.
             Slain by KarmaPolice's ghost (4 damage)
             ... on level 3 of the Dungeon.
             The game lasted 00:07:36 (3855 turns).

HungrySpirit the Charlatan (Mummy Artificer)        Turns: 3855, Time: 00:07:37

Health: -1/41      AC:  6    Str: 16    XL:     5   Next: 82%
Magic:  7/7        EV: 10    Int: 11    God:
Gold:   91         SH:  0    Dex: 15    Spells: 0 memorised, 4 levels left

rFire  x . .     SeeInvis .     f - +0 hand axe
rCold  + . .     Gourm    .     k - +0 scale mail
rNeg   + + +     Faith    .     (no shield)
rPois  ∞         Spirit   .     (no helmet)
rElec  .         Reflect  .     (no cloak)
rCorr  .         Harm     .     (no gloves)
MR     .....                    (no boots)
Stlth  ..........               (no amulet)
                                i - +3 ring of dexterity
                                g - +1 ring of slaying

@: no status effects
A: no food or potions, fire vulnerability, cold resistance 1, negative energy
resistance 3, torment resistance, unbreathing
a: no special abilities


You were on level 3 of the Dungeon.
You were not hungry.

You visited 1 branch of the dungeon, and saw 3 of its levels.

You collected 91 gold pieces.

Inventory:

Hand Weapons
 f - a +0 hand axe (weapon)
Armour
 k - a +0 scale mail (worn)
Jewellery
 g - a +1 ring of slaying (left hand)
 i - a +3 ring of dexterity (right hand)
Wands
 c - a wand of flame (0/48)
 d - a wand of enslavement (14/24)
 e - a wand of random effects (2/48)
Scrolls
 a - 2 scrolls of remove curse
 b - a scroll of enchant armour {unknown}
 h - a scroll of fog {unknown}
 j - a scroll of identify {unknown}


   Skills:
 - Level 3.1 Fighting
   Level 0.7 Short Blades
 * Level 3.1 Axes
 - Level 1.5 Dodging
 - Level 0.7 Stealth
 + Level 3.3 Evocations


You had 4 spell levels left.
You didn't know any spells.

Dungeon Overview and Level Annotations

Branches:
Dungeon (3/15)

Altars:

Annotations:
D:3 KarmaPolice's ghost, amateur HaHu


Innate Abilities, Weirdness & Mutations

You do not eat or drink.
Your flesh is vulnerable to fire.
You are immune to poison.
Your flesh is cold resistant. (rC+)
You are immune to negative energy. (rN+++)
You are immune to unholy pain and torment.
You can survive without breathing.


Message History

Zapping:
e - a wand of random effects (5/48)
Press: ? - help, Shift-Dir - straight line Nothing appears to happen.
This wand has 4 charges left.
Something hits you.
* * * LOW HITPOINT WARNING * * *
Something hits you but does no damage. Something hits you but does no damage.
Evoke which item? (* to show all) (? for menu, Esc to quit)
Zapping:
e - a wand of random effects (4/48)
Press: ? - help, Shift-Dir - straight line Nothing appears to happen.
This wand has 3 charges left.
Something hits you but does no damage.
Evoke which item? (* to show all) (? for menu, Esc to quit)
Zapping:
e - a wand of random effects (3/48)
Press: ? - help, Shift-Dir - straight line The puff of flame hits something.
This wand has 2 charges left.
Something hits you!
* * * LOW HITPOINT WARNING * * *
Something hits you.
You die...

#.# #..#
##.........###.####
#.###..#
##.##.....###.#
#.##...#
#.##%........#
....>#.#
###.##.....#####
#.#..#.###.!.......)#
#..(.....#.#.###..###
.##..†.)..........#
....##...#.##.##.##
....######!##)##@#
...## #.......# ...#
####.#### .#.# #...#
...# #...# #..# #...#
#..# #...# #..# .....
.....


There were no monsters in sight!

Vanquished Creatures
  Natasha (thrice) (D:3)
  Terence (D:3)
  A worker ant (D:3)
  5 adders
  3 worms
  3 dart slugs
  A leopard gecko (D:2)
  5 goblins
  8 hobgoblins
  9 jackals
  A ball python (D:3)
  6 bats
  3 frilled lizards
  8 kobolds
  11 rats
68 creatures vanquished.

Vanquished Creatures (others)
  An orc (D:3)
1 creature vanquished.

Grand Total: 69 creatures vanquished

Notes
Turn   | Place    | Note
-------+----------+-------------------------------------------
     0 | D:1      | HungrySpirit the Mummy Artificer began the quest for the Orb.
     0 | D:1      | Reached XP level 1. HP: 15/15 MP: 2/2
   325 | D:1      | Reached XP level 2. HP: 17/21 MP: 3/3
   936 | D:1      | Reached skill level 1 in Axes
  1322 | D:2      | Reached XP level 3. HP: 21/27 MP: 4/4
  1940 | D:2      | Reached XP level 4. HP: 20/34 MP: 6/6
  2467 | D:3      | Noticed Terence
  3394 | D:3      | Killed Terence
  3404 | D:3      | Noticed KarmaPolice's ghost (amateur HaHu)
  3508 | D:3      | Reached XP level 5. HP: 31/41 MP: 7/7
  3517 | D:3      | Noticed Natasha
  3521 | D:3      | Killed Natasha
  3613 | D:3      | Noticed Natasha
  3624 | D:3      | Killed Natasha
  3843 | D:3      | Noticed Natasha
  3846 | D:3      | Killed Natasha
  3855 | D:3      | Slain by KarmaPolice's ghost

Skill      XL: |  1  2  3  4  5 |
---------------+----------------+-----
Fighting       | 2 3 |  3.1
Axes           | 1 2 3 |  3.1
Evocations     | 3 |  3.3
Short Blades   | |  0.7
Dodging        | |  1.5
Stealth        | |  0.7

Action                   |  1- 3 |  4- 6 || total
-------------------------+-------+-------++-------
Melee: Hand axe          |   148 |    76 ||   224
       Short sword       |    12 |       ||    12
Evoke: Wand              |     7 |    22 ||    29
  Use: Scroll            |     1 |       ||     1
 Stab: Sleeping          |     2 |       ||     2
Armor: Leather armour    |    59 |     8 ||    67
       Scale mail        |       |     8 ||     8
Dodge: Dodged            |   116 |    64 ||   180
